 Dungeon Crawl Stone Soup version 0.26.1-11-gd32895ea62 (webtiles) character file.

Game seed: 3167284056818862153

17 vvl the Firebug (level 2, -1/19 HPs)
             Began as a Demonspawn Fire Elementalist on June 16, 2021.
             Slain by a goblin (2 damage)
             ... on level 1 of the Dungeon.
             The game lasted 00:02:04 (584 turns).

vvl the Firebug (Demonspawn Fire Elementalist)       Turns: 584, Time: 00:02:05

Health: -1/19      AC:  4    Str:  8    XL:     2   Next: 44%
Magic:  2/5        EV: 12    Int: 16    God:
Gold:   30         SH:  0    Dex: 13    Spells: 4/5 levels left

rFire    . . .     SeeInvis .   e - +0 whip
rCold    . . .     Faith    .   (no shield)
rNeg     . . .     Spirit   .   a - +0 robe
rPois    .         Reflect  .   (no helmet)
rElec    .         Harm     .   (no cloak)
rCorr    .         Rampage  .   (no gloves)
Will     .....                  (no boots)
Stlth    +.........             (no amulet)
HPRegen  0.06/turn              d - ring of attention (curse)
MPRegen  0.09/turn              (no ring)

@: no status effects
A: iridescent scales 1
a: no special abilities


You were on level 1 of the Dungeon.
You visited 1 branch of the dungeon, and saw 1 of its levels.

You collected 30 gold pieces.

Inventory:

Hand Weapons
 e - a +0 whip (weapon)
Armour
 a - a +0 robe (worn)
Jewellery
 d - a cursed ring of attention (left hand)
Scrolls
 b - a scroll of remove curse {unknown}
 c - 2 scrolls of identify {unknown}
 f - a scroll of random uselessness {unknown}


   Skills:
 + Level 0.0 Maces & Flails
 + Level 0.1 Armour
 + Level 1.8 Dodging
 + Level 1.9 Stealth
 - Level 2.2 Spellcasting
 + Level 1.0 Conjurations
 + Level 3.2 Fire Magic


You had 4 spell levels left.
You knew the following spells:

 Your Spells              Type           Power        Failure   Level
a - Foxfire               Conj/Fire      32%          9%          1

Your spell library contained the following spells:

 Spells                   Type           Power        Failure   Level
 Conjure Flame            Conj/Fire      8%           26%         3
 Inner Flame              Hex/Fire       6%           32%         3
 Sticky Flame             Conj/Fire      8%           63%         4
 Fireball                 Conj/Fire      4%           93%         5


Dungeon Overview and Level Annotations

Branches:
Dungeon (1/15)

Altars:


Innate Abilities, Weirdness & Mutations

You are partially covered in iridescent scales. (AC +2)


Message History

The goblin barely misses you. x2
You completely miss the goblin.
The goblin is heavily wounded.
The foxfire hits the goblin.
The goblin is heavily wounded.
The foxfire hits the goblin.
The goblin is almost dead.
The goblin closely misses you. The goblin hits you.
* * * LOW HITPOINT WARNING * * *
The goblin barely misses you.
You hit the goblin but do no damage.
The goblin is almost dead.
The goblin hits you with a +0 club.
* * * LOW HITPOINT WARNING * * *
The goblin barely misses you. x2
Casting: Foxfire (safe; 9% risk of failure)
Confirm with . or Enter, or press ? or * to list all spells.
You conjure some foxfire!
The goblin hits you but does no damage. x2
The goblin hits you.
You die...

≈≈≈..^≈≈≈≈≈≈≈≈≈≈.#
≈≈.....≈≈≈≈≈≈≈≈P.##
....<.............#
≈≈(....≈≈≈≈≈≈≈≈P..# #
≈≈≈...≈≈≈≈≈≈≈≈≈≈..########.#
≈≈≈...≈≈≈≈≈≈≈≈≈≈...........#
≈≈P...P≈≈≈≈≈≈≈≈P.##........#
...............vgg)........#
...............v@g#........#
###################......$.$
#.......## #.....B.#
#.......# ####...... .##.##
.# ..


You could see 3 goblins.

Vanquished Creatures
  An ooze (D:1)
  A giant cockroach (D:1)
  3 kobolds (D:1)
  A ball python (D:1)
  3 bats (D:1)
  A frilled lizard (D:1)
  A goblin (D:1)
  2 rats (D:1)
13 creatures vanquished.

Vanquished Creatures (others)
  25 foxfires (D:1)
25 creatures vanquished.

Grand Total: 38 creatures vanquished

Notes
Turn   | Place    | Note
-------+----------+-------------------------------------------
     0 | D:1      | vvl the Demonspawn Fire Elementalist began the quest for
                  | the Orb.
     0 | D:1      | Reached XP level 1. HP: 13/13 MP: 3/3
   285 | D:1      | Reached skill level 3 in Fire Magic
   285 | D:1      | Gained mutation: You are partially covered in iridescent
                  | scales. (AC +2) [demonic ancestry]
   285 | D:1      | Reached XP level 2. HP: 19/19 MP: 1/5
   584 | D:1      | Slain by a goblin

Illustrated notes

Levels and vault maps discovered:
D:1:      giann_bridges, layout_basic

Skill      XL: |  1 |
---------------+----+-----
Fire Magic     | 3 |  3.2
Armour         | |  0.1
Dodging        | |  1.8
Stealth        | |  1.9
Spellcasting   | |  2.2
Conjurations   | |  1.0

Action                   || total
-------------------------++-------
Melee: Unarmed           ||     3
       Whip              ||    18
 Cast: Foxfire           ||    14
Armor: Robe              ||    11
Dodge: Dodged            ||    30
